 Dungeon Crawl Stone Soup version 0.28-a0-461-g2dc4ca5097 (webtiles) character file.

Game seed: 1667184016976129252

11 Xathitun the Skirmisher (level 2, 0/33 HPs)
             Began as an Ogre Berserker on Sept 13, 2021.
             Was a Follower of Trog.
             Slain by a hobgoblin (3 damage)
             ... on level 1 of the Dungeon.
             The game lasted 00:09:13 (263 turns).

Xathitun the Skirmisher (Ogre Berserker)             Turns: 263, Time: 00:09:14

Health: 0/33       AC:  3    Str: 20    XL:     2   Next: 29%
Magic:  2/2        EV: 10    Int:  8    God:    Trog [*.....]
Gold:   19         SH:  0    Dex:  8    Spells: 1/1 levels left

rFire   . . .      SeeInvis .   c - +0 hand axe
rCold   . . .      Faith    .   (no shield)
rNeg    . . .      Spirit   .   b - +0 animal skin
rPois   .          Reflect  .   (helmet restricted)
rElec   .          Harm     .   (no cloak)
rCorr   .          Rampage  .   (gloves unavailable)
Will    .....                   (boots unavailable)
Stlth   +.........              (no amulet)
HPRegen 0.11/turn               (no ring)
MPRegen 0.08/turn               (no ring)

@: no status effects
A: large, unfitting armour, tough skin 1
a: Renounce Religion, Berserk


You were on level 1 of the Dungeon.
You worshipped Trog.
Trog was aware of your devotion.
You visited 1 branch of the dungeon, and saw 1 of its levels.

You collected 19 gold pieces.

Inventory:

Hand Weapons
 a - a +0 hand axe
 c - a +0 hand axe (weapon)
Armour
 b - a +0 animal skin (worn)
 d - a +0 plate armour
 f - a +0 scale mail


   Skills:
 + Level 4.3 Fighting
 + Level 3.2 Axes
 + Level 2.9 Dodging


You had one spell level left.
You didn't know any spells.
Your spell library was empty.

Dungeon Overview and Level Annotations

Branches:
Dungeon (1/15)

Altars:


Innate Abilities, Weirdness & Mutations

You are too large for most types of armour.
You have tough skin. (AC +1)


Message History

The endoplasm freezes you.
You are frozen.
You hit the endoplasm.
You kill the endoplasm!
Trog accepts your kill.
You hit the hobgoblin but do no damage. The hobgoblin barely misses you.
The hobgoblin hits you.
You closely miss the hobgoblin. You hit the hobgoblin.
The hobgoblin barely misses you.
The hobgoblin hits you but does no damage.
The hobgoblin hits you.
* * * LOW HITPOINT WARNING * * *
The hobgoblin hits you.
* * * LOW HITPOINT WARNING * * *
You barely miss the hobgoblin. You closely miss the hobgoblin.
The hobgoblin closely misses you. The hobgoblin misses you.
You closely miss the hobgoblin. x2; The hobgoblin barely misses you.
The hobgoblin closely misses you.
There is a stone staircase leading down here.
Unknown command.
Unknown command.
Drop what? 6/52 slots (_ for help) (? for menu, Esc to quit)
Okay, then.
As you read the scroll labelled WEANOC ZIOPH, it crumbles to dust.
It is a scroll of identify.
You don't have any unidentified items.
The hobgoblin closely misses you.
You aren't carrying any scrolls.
You aren't carrying any scrolls.
You aren't carrying any scrolls.
Okay, then.
You aren't carrying any potions.
You hit the hobgoblin.
You kill the hobgoblin!
Trog accepts your kill.
You closely miss the hobgoblin. The hobgoblin hits you.
* * * LOW HITPOINT WARNING * * *
The hobgoblin misses you. The hobgoblin hits you.
You die...

#.........# .#
#.........# #.
#####.........#
.............####
##............
#...........#
......#.†.......###.
##.## #.............
##... #....g@......#
#..# ##....>.......
#.### ##............
....# ####.†...........
....####....#..........#
.........#####...##...##
....###### ##### ####
....# ....#


You could see a hobgoblin.

Vanquished Creatures
  2 endoplasms (D:1)
  A giant cockroach (D:1)
  A hobgoblin (D:1)
  A kobold (D:1)
  2 quokkas (D:1)
  A frilled lizard (D:1)
  2 rats (D:1)
10 creatures vanquished.

Notes
Turn   | Place    | Note
-------+----------+-------------------------------------------
     0 | D:1      | Xathitun the Ogre Berserker began the quest for the Orb.
     0 | D:1      | Reached XP level 1. HP: 24/24 MP: 1/1
   233 | D:1      | Reached XP level 2. HP: 23/32 MP: 2/2
   263 | D:1      | Slain by a hobgoblin

Illustrated notes

Levels and vault maps discovered:
D:1:      dpeg_arrival_simpleton_a, layout_rooms, minmay_pentomino_w2

Action                   || total
-------------------------++-------
Melee: Hand axe          ||    27
  Use: Scroll            ||     2
Armor: Animal skin       ||     5
Dodge: Dodged            ||    16

Table legend: (Time is in decaauts)
 A = Elapsed time spent in this place.
 B = Non-inter-level travel time spent in this place.
 C = Inter-level travel time spent in this place.
 D = Time resting spent in this place.
 E = Time spent auto-exploring this place.
 F = Levels seen in this place.
 G = Mean time per level.
                   A        B        C        D        E       F      G
               +--------+--------+--------+--------+--------+-----+--------+
         Total |    266 |    133 |    133 |      0 |      0 |   1 |  266.0 |
       Dungeon |    266 |    133 |    133 |      0 |      0 |   1 |  266.0 |
               +--------+--------+--------+--------+--------+-----+--------+

Top non-repeatable levels by time:
     D:1: 266 daAuts
